 Dungeon Crawl Stone Soup version 0.21-a0-125-gb006224 (webtiles) character file.

44 Gorglomux the Caller (level 3, -1/30 HPs)
             Began as a Hill Orc Summoner on July 15, 2017.
             Slain by an adder (2 damage)
             ... on level 1 of the Dungeon.
             The game lasted 00:02:56 (1711 turns).

Gorglomux the Caller (Hill Orc Summoner)            Turns: 1711, Time: 00:02:57

Health: -1/30      AC:  8    Str: 11    XL:     3   Next: 60%
Magic:  1/5        EV:  8    Int: 15    God:
Gold:   60         SH:  3    Dex: 11    Spells: 4/5 levels left

rFire    . . .     SeeInvis .   j - +0 club (curse)
rCold    . . .     Gourm    .   V - +0 buckler
rNeg     . . .     Faith    .   d - +2 scale mail {MR+}
rPois    .         Spirit   .   (no helmet)
rElec    .         Reflect  .   (no cloak)
rCorr    .         Harm     .   (no gloves)
MR       +....                  (no boots)
Stlth    ..........             (no amulet)
HPRegen  0.10/turn              (no ring)
MPRegen  0.09/turn              (no ring)

@: lethally poisoned (-1 -> -4), very slightly contaminated
A: no striking features
a: no special abilities


You were on level 1 of the Dungeon.
You were very hungry.

You visited 1 branch of the dungeon, and saw 2 of its levels.

You collected 60 gold pieces.

Inventory:

Hand Weapons
 j - a cursed +0 club (weapon)
 l - a +0 whip
Armour
 a - a +0 robe
 d - a +2 scale mail of magic resistance (worn)
 V - a +0 buckler (worn)
Jewellery
 g - a +2 amulet of reflection {unknown}
Scrolls
 T - 2 scrolls of teleportation
 Y - a scroll of fog {unknown}
 Z - 2 scrolls of identify {unknown}
Potions
 k - a potion of degeneration {unknown}
 Q - 2 potions of curing
 U - a potion of magic {unknown}
 W - a potion of berserk rage {unknown}
 X - a potion of flight {unknown}
Books
 b - a book of Callings

   Spells                             Type                      Level
   a - Summon Small Mammal            Summoning                    1
   b - Call Imp                       Summoning                    2
   c - Call Canine Familiar           Summoning                    3
   d - Summon Guardian Golem          Hexes/Summoning              3
   e - Summon Lightning Spire         Summoning/Air                4
   f - Summon Ice Beast               Ice/Summoning                4
Comestibles
 c - 2 bread rations


   Skills:
 - Level 2.4 Fighting
 - Level 1.9 Armour
 - Level 1.5 Dodging
 - Level 1.5 Stealth
 + Level 1.0 Shields
 - Level 1.5 Spellcasting
 - Level 4.0 Summonings


You had 4 spell levels left.
You knew the following spells:

 Your Spells              Type           Power        Failure   Level  Hunger
a - Summon Small Mammal   Summ           ##..         36%         1    ##.....


Dungeon Overview and Level Annotations

Branches:
Dungeon (2/15)

Altars:

Annotations:
D:2 Sigmund, Terence


Message History

You closely miss the adder.
The adder is almost dead.
The adder bites you but does no damage. The adder barely misses you.
You miss the adder.
The adder is almost dead.
You block the adder's attack.
Unknown command.
Okay, then.
Quiver which item? (- for none, * to show all) (? for menu, Esc to quit)
Okay, then.
Okay, then.
You miss the adder.
The adder is almost dead.
* * * LOW HITPOINT WARNING * * *
You feel sick. The adder barely misses you. The adder bites you.
* * * LOW HITPOINT WARNING * * *
You miss the adder.
The adder is almost dead.
The adder bites you.
You die...

#.......#..#
#.#
####..#.#..#
#.#
####..#.#..#
#.#
#..........#
#.#
#.##....#.##
#.#
#.###...#.#
###.#########
#.###..)#.#
#...........#
#.......#.#
#.#S######.##
#..##..(#.#
#.#@# #.#
#...#.).#.#
#.#.######.##
#.....#.#.#
#.#.........#
#.#.#.#...#
#.###########
#...#.#(..#
#.#
....#.#...#
#.#
#...#.#...#
#.#
#...#.#...#
#.# ######
#...#.#...#
#.# #....#


You could see an adder.

Vanquished Creatures
  An adder (D:1)
  2 bats (D:1)
  5 goblins
  5 hobgoblins
  3 jackals (D:1)
  5 frilled lizards
  4 kobolds
  4 rats
29 creatures vanquished.

Vanquished Creatures (collateral kills)
  A dart slug (D:1)
  A leopard gecko (D:1)
  A goblin (D:2)
  2 hobgoblins (D:1)
  A kobold (D:1)
  A frilled lizard (D:1)
  2 rats (D:1)
9 creatures vanquished.

Grand Total: 38 creatures vanquished

Notes
Turn   | Place    | Note
-------+----------+-------------------------------------------
     0 | D:1      | Gorglomux the Hill Orc Summoner began the quest for the Orb.
     0 | D:1      | Reached XP level 1. HP: 14/14 MP: 3/3
   150 | D:1      | Reached skill level 1 in Armour
   155 | D:1      | Reached skill level 1 in Fighting
   155 | D:1      | Reached XP level 2. HP: 19/23 MP: 1/4
   845 | D:1      | Reached XP level 3. HP: 12/29 MP: 2/5
  1509 | D:2      | Noticed Terence
  1615 | D:2      | Noticed Sigmund
  1676 | D:1      | Reached skill level 1 in Shields
  1710 | D:1      | HP: 1/30 [adder (2)]
  1711 | D:1      | Slain by an adder

Vault maps used:
D:1:      dpeg_arrival_shelter
D:2:      uniq_sigmund, uniq_terence

Skill      XL: |  1  2  3 |
---------------+----------+-----
Armour         | 1 |  1.9
Fighting       | 1 2 |  2.4
Shields        | 1 |  1.0
Dodging        | |  1.5
Stealth        | |  1.5
Spellcasting   | |  1.5
Summonings     | |  4.0

Action                   || total
-------------------------++-------
Melee: Unarmed           ||    40
       Club              ||   186
 Cast: Summon Small Mamm ||    27
  Use: Scroll            ||     2
       Potion            ||     1
  Eat: Chunk             ||     3
Armor: Scale mail        ||   172
Dodge: Dodged            ||   138
Block: Buckler           ||    20
